 Dungeon Crawl Stone Soup version 0.23.2 (webtiles) character file.

Game seed: 5660470628936310334

1150 Peloso the Slasher (level 8, 0/67 HPs)
             Began as a Minotaur Fighter on Apr 13, 2019.
             Succumbed to Sigmund's poison
             ... on level 6 of the Dungeon.
             The game lasted 00:10:42 (4905 turns).

Peloso the Slasher (Minotaur Fighter)               Turns: 4905, Time: 00:10:43

Health: 0/67       AC: 19    Str: 22    XL:     8   Next: 15%
Magic:  7/7        EV:  5    Int: 10    God:
Gold:   303        SH: 11    Dex: 14    Spells: 7/7 levels left

rFire    . . .     SeeInvis .   a - +1 long sword
rCold    . . .     Gourm    .   c - +0 shield
rNeg     . . .     Faith    .   t - +1 plate armour
rPois    .         Spirit   .   (helmet restricted)
rElec    .         Reflect  .   z - scarf {cloud immunity}
rCorr    .         Harm     .   u - +2 pair of gloves
MR       .....                  (no boots)
Stlth    ..........             (no amulet)
HPRegen  0.21/turn              x - +3 ring of protection
MPRegen  0.10/turn              y - +3 ring of dexterity

@: brilliant, lethally poisoned (0 -> -5), lightly drained
A: retaliatory headbutt, horns 2
a: no special abilities


You were on level 6 of the Dungeon.
You were not hungry.

You visited 1 branch of the dungeon, and saw 6 of its levels.

You collected 303 gold pieces.

Inventory:

Hand Weapons
 a - a +1 long sword (weapon)
Armour
 b - a +0 scale mail
 c - a +0 shield (worn)
 t - a +1 plate armour (worn)
 u - a +2 pair of gloves (worn)
 z - a scarf of cloud immunity (worn)
Jewellery
 n - a +4 ring of dexterity
 r - an uncursed ring of protection from cold
 x - a +3 ring of protection (left hand)
 y - a +3 ring of dexterity (right hand)
Wands
 m - a wand of scattershot (2)
 q - a wand of paralysis (9)
 A - a wand of random effects (15)
Scrolls
 e - 3 scrolls of identify
 g - a scroll of enchant weapon
 i - a scroll of enchant armour
 o - a scroll of teleportation
 v - a scroll of remove curse
 w - a scroll of acquirement {unknown}
 B - 2 scrolls of blinking
Potions
 h - 2 potions of brilliance
 j - a potion of cancellation {unknown}
 k - a potion of haste {unknown}
 l - a potion of degeneration {unknown}
 s - a potion of heal wounds {unknown}
Comestibles
 d - 4 chunks of flesh
 f - 9 rations


   Skills:
 + Level 4.9(4.7) Fighting
 + Level 7.9(7.7) Long Blades
 + Level 6.1(5.9) Armour
 + Level 0.3(0.1) Dodging
 + Level 0.1(0.0) Stealth
 + Level 7.2(7.0) Shields


You had 7 spell levels left.
You didn't know any spells.
Your spell library was empty.

Dungeon Overview and Level Annotations

Branches:
Dungeon (6/15)
 Temple: D:4-7

Altars:
Elyvilon
Hepliaklqana
Ru
Wu Jian

Annotations:
D:6 Sigmund


Innate Abilities, Weirdness & Mutations

You reflexively headbutt those who attack you in melee.
You have a pair of horns on your head.


Message History

* * * LOW HITPOINT WARNING * * *
The centaur hits you but does no damage.
The centaur wields a +0 shortbow.
The centaur shoots an arrow.
The arrow barely misses you. Something hits you!
* * * LOW HITPOINT WARNING * * *
You are lethally poisoned!
You see here an arrow.
* * * LOW HITPOINT WARNING * * *
You feel sick.
The centaur shoots an arrow.
You block the arrow.
You see here an arrow.
* * * LOW HITPOINT WARNING * * *
You feel sick.
The centaur shoots an arrow.
The arrow barely misses you.
The centaur shoots an arrow.
The arrow hits you but does no damage.
There is an open door here.
You see here an arrow.
* * * LOW HITPOINT WARNING * * *
You feel sick.
The centaur shoots an arrow.
The arrow hits you but does no damage.
You see here an arrow.
You die...

###################
#.......)........!.
#.#################
#.# ####'###
#....@.# #####
#.....(########.....
#...(..((((c........
#......####...[.....
####+### #.(..#####
...! #((..# >....
+(...+ ......#(...#
#.....(..##


There were no monsters in sight!

Vanquished Creatures
  Edmund (D:4)
  Blork the orc (D:5)
  A scorpion (D:5)
  5 wights
  2 howler monkeys
  6 orc priests
  2 jellies (D:5)
  A bullfrog skeleton (D:5)
  5 orc wizards
  A worker ant (D:4)
  A worker ant zombie (D:5)
  4 gnolls (D:3)
  2 adders
  A shadow imp (D:5)
  An ooze (D:3)
  An adder zombie (D:5)
  3 worms (D:2)
  A dart slug (D:3)
  3 leopard geckos
  29 orcs
  2 ball pythons
  7 bats
  5 giant cockroaches
  2 goblins
  7 hobgoblins
  11 jackals
  5 quokkas
  2 frilled lizards (D:3)
  2 kobolds
  9 rats
123 creatures vanquished.

Vanquished Creatures (others)
  A kobold (D:2)
1 creature vanquished.

Grand Total: 124 creatures vanquished

Notes
Turn   | Place    | Note
-------+----------+-------------------------------------------
     0 | D:1      | Peloso the Minotaur Fighter began the quest for the Orb.
     0 | D:1      | Reached XP level 1. HP: 19/19 MP: 0/0
   195 | D:1      | Reached XP level 2. HP: 27/27 MP: 1/1
   809 | D:2      | Reached XP level 3. HP: 28/33 MP: 2/2
   848 | D:2      | Found a hazy altar of Hepliaklqana.
   866 | D:2      | Found a faded altar of an unknown god.
   921 | D:2      | Found a white marble altar of Elyvilon.
  1388 | D:3      | Reached XP level 4. HP: 34/40 MP: 3/3
  1603 | D:3      | Reached XP level 5. HP: 42/46 MP: 4/4
  1718 | D:3      | Found a sacrificial altar of Ru.
  2178 | D:4      | Reached skill level 5 in Long Blades
  2264 | D:4      | Reached skill level 5 in Shields
  2328 | D:4      | Reached XP level 6. HP: 50/52 MP: 5/5
  2422 | D:4      | Noticed Edmund
  2442 | D:4      | Killed Edmund
  2442 | D:4      | Reached skill level 5 in Armour
  3053 | D:4      | Found an ornate altar of the Wu Jian Council.
  3280 | D:5      | Entered Level 5 of the Dungeon
  3340 | D:5      | Reached XP level 7. HP: 60/60 MP: 6/6
  4235 | D:5      | Noticed Blork the orc
  4264 | D:5      | Killed Blork the orc
  4264 | D:5      | Reached XP level 8. HP: 16/67 MP: 7/7
  4874 | D:6      | Noticed Sigmund
  4901 | D:6      | HP: 3/67 [something (9)]
  4904 | D:6      | HP: 1/67 [poisoned by Sigmund]
  4905 | D:6      | Succumbed to Sigmund's poison

Skill      XL: |  1  2  3  4  5  6  7 |
---------------+----------------------+-----
Armour         | 4 5 6 |  6.1
Shields        | 4 5 7 |  7.2
Long Blades    | 3 4 5 6 7 |  7.9
Fighting       | 4 |  4.9
Dodging        | |  0.3
Stealth        | |  0.1

Action                   |  1- 3 |  4- 6 |  7- 9 || total
-------------------------+-------+-------+-------++-------
Melee: Long sword        |    70 |   209 |   121 ||   400
       Headbutt          |     9 |    47 |    34 ||    90
  Use: Scroll            |       |     8 |       ||     8
       Potion            |       |       |     4 ||     4
  Eat: Chunk             |       |     8 |     2 ||    10
       Ration            |       |       |     1 ||     1
Armor: Scale mail        |    39 |       |       ||    39
       Plate armour      |     4 |   102 |    84 ||   190
Dodge: Dodged            |    27 |    30 |    20 ||    77
Block: Shield            |    37 |   121 |    70 ||   228
       Rpst.: Long sword |     5 |     7 |     2 ||    14
